 Dungeon Crawl Stone Soup version 0.29.0-5-ge4962eb29e (webtiles) character file.

Game seed: 5606614651108504071

800 themarg the Trooper (level 7, -2/63 HPs)
             Began as a Minotaur Berserker on Aug 29, 2022.
             Was an Elder of Trog.
             Slain by a mummy (12 damage)
             ... in an ossuary.
             The game lasted 00:14:41 (4417 turns).

themarg the Trooper (Minotaur Berserker)            Turns: 4417, Time: 00:14:41

Health: -2/63      AC:  6    Str: 23    XL:     7   Next: 59%
Magic:  6/6        EV: 13    Int:  4    God:    Trog [****..]
Gold:   288        SH:  0    Dex: 10    Spells: 6/6 levels left

rFire   . . .      SeeInvis .   a - +0 hand axe
rCold   . . .      Faith    .   (no shield)
rNeg    . . .      Spirit   .   h - +0 leather armour
rPois   .          Reflect  .   (helmet restricted)
rElec   .          Harm     .   (no cloak)
rCorr   .          Rampage  .   (no gloves)
Will    .....                   g - +1 pair of boots
Stlth   +.........              (no amulet)
HPRegen 0.20/turn               (no ring)
MPRegen 0.10/turn               (no ring)

@: marked
A: horns 2, retaliatory headbutt
a: Renounce Religion, Berserk, Trog's Hand, Brothers in Arms


You were in an ossuary.
You worshipped Trog.
Trog was greatly pleased with you.
You visited 1 branch of the dungeon, and saw 5 of its levels.
You also visited: Sewer and Ossuary.

You collected 288 gold pieces.

Inventory:

Hand Weapons
 a - a +0 hand axe (weapon)
Missiles
 b - 4 boomerangs of dispersal (quivered)
 j - 2 poisoned darts
Armour
 g - a +1 pair of boots (worn)
 h - a +0 leather armour (worn)
 n - a scarf of repulsion
 z - the +3 chain mail "Hujaol" {rElec rC++ rN+ Slay-5}
   (You found it on level 5 of the Dungeon)

   Slay:      It affects your accuracy & damage with ranged weapons and melee
   (-5).
   rC:        It greatly protects you from cold.
   rElec:     It insulates you from electricity.
   rN:        It protects you from negative energy.
Jewellery
 m - an amulet of faith
Wands
 k - a wand of flame (20)
 x - a wand of light (4)
Scrolls
 c - a scroll of enchant armour
 d - 4 scrolls of teleportation
 i - a scroll of torment {unknown}
 o - a scroll of poison {unknown}
 p - 2 scrolls of fear {unknown}
 q - 2 scrolls of identify {unknown}
 r - a scroll of noise
 t - a scroll of brand weapon {unknown}
 u - a scroll of blinking {unknown}
 v - a scroll of fog {unknown}
 w - 2 scrolls of magic mapping {unknown}
 y - a scroll of amnesia {unknown}
Potions
 e - 4 potions of curing {unknown}
 f - 6 potions of mutation
 l - a potion of attraction {unknown}
 s - 6 potions of flight
 A - a potion of haste {unknown}


   Skills:
 + Level 6.2 Fighting
 + Level 6.2 Axes
 + Level 5.6 Armour
 + Level 5.1 Dodging


You had 6 spell levels left.
You didn't know any spells.
Your spell library was empty.

Dungeon Overview and Level Annotations

Branches:
Dungeon (5/15)             Temple (0/1) D:4           Sewer (visited)
Ossuary (1/1)

Altars:
Cheibriados
Fedhas


Innate Abilities, Weirdness & Mutations

You have a pair of horns on your head.
You reflexively headbutt those who attack you in melee.


Message History

You furiously retaliate!
You headbutt the elf skeleton! You slash the elf skeleton!
The elf skeleton is heavily damaged.
The elf skeleton closely misses you.
You hit the elf skeleton but do no damage.
The elf skeleton is heavily damaged.
The elf skeleton misses you.
You hit the elf skeleton. Your headbutt misses the elf skeleton.
The elf skeleton is heavily damaged.
You hit the elf skeleton.
The elf skeleton is heavily damaged.
The elf skeleton closely misses you.
You slash the elf skeleton! You headbutt the elf skeleton.
The elf skeleton is severely damaged.
The elf skeleton hits you.
You barely miss the elf skeleton. You headbutt the elf skeleton.
The elf skeleton is almost destroyed.
You hear the rapid hiss of an avalanche of sand.
The elf skeleton hits you.
You barely miss the elf skeleton. You headbutt the elf skeleton.
The elf skeleton is almost destroyed.
The elf skeleton hits you.
You hit the elf skeleton.
You destroy the elf skeleton!
Trog accepts your kill.
There is an open door here.
There is a sand-covered staircase here.
The world spins around you as you enter the gateway.
You enter an ossuary!
Found a gate leading back out of this place.
There is an empty arch of ancient stone here.
The centaur zombie sets off the alarm!
The alarm trap emits a blaring wail!
A sentinel's mark forms upon you.
You hit the mummy.
The mummy is moderately damaged.
You hit the mummy. You hit the mummy but do no damage. The mummy hits you!
* * * LOW HITPOINT WARNING * * *
The mummy hits you!
You die...

#
###########.#
##........^...
#..M.......^^.
#.M@..∩.Z.....
#..M..........
##............
###########.#
#


You could see 3 mummies and a centaur zombie.

Vanquished Creatures
  An ice beast (D:5)
  A sky beast (D:5)
  An elf skeleton (D:5)
  An orc priest (D:4)
  A hound (D:3)
  A jelly (D:5)
  Jessica (D:2)
  2 human skeletons (D:5)
  Ijyb (D:4)
  An iguana (D:5)
  18 adders
  3 river rats (Sewer)
  3 worms
  A dart slug (D:4)
  8 orcs
  8 endoplasms
  15 giant cockroaches
  4 goblins
  13 hobgoblins
  6 jackals
  7 quokkas
  17 ball pythons
  10 bats
  2 frilled lizards
  12 kobolds
  An orc skeleton (D:5)
  2 orc zombies (D:5)
  4 rats
145 creatures vanquished.

Notes
Turn   | Place    | Note
-------+----------+-------------------------------------------
     0 | D:1      | themarg the Minotaur Berserker began the quest for the Orb.
     0 | D:1      | Reached XP level 1. HP: 19/19 MP: 0/0
    90 | D:1      | You fall into a shaft and drop 1 floor!
   108 | D:2      | Reached XP level 2. HP: 22/27 MP: 1/1
   117 | D:2      | Reached XP level 3. HP: 19/33 MP: 2/2
   325 | D:2      | Noticed Jessica
   340 | D:2      | HP: 2/49 [Jessica/+0 club (3)]
   342 | D:2      | Killed Jessica
   343 | D:2      | Reached XP level 4. HP: 3/41 MP: 3/3
   850 | D:1      | Reached ** piety under Trog
  1573 | D:3      | Reached XP level 5. HP: 37/47 MP: 4/4
  1578 | D:3      | Found a glowing drain.
  1592 | Sewer    | Entered a sewer
  1894 | Sewer    | Reached skill level 5 in Fighting
  1894 | Sewer    | Reached skill level 5 in Axes
  1992 | Sewer    | Reached *** piety under Trog
  2061 | Sewer    | Reached XP level 6. HP: 56/56 MP: 5/5
  2507 | D:3      | Found a blossoming altar of Fedhas.
  2613 | D:3      | Noticed a shining eye
  2615 | D:3      | Found a faded altar of an unknown god.
  2639 | D:3      | Noticed a shining eye
  2643 | D:3      | Noticed a great orb of eyes
  2652 | D:3      | Noticed a shining eye
  3035 | D:4      | Noticed Ijyb
  3049 | D:4      | Killed Ijyb
  3222 | D:4      | Found a staircase to the Ecumenical Temple.
  3349 | D:4      | Reached **** piety under Trog
  3919 | D:5      | Entered Level 5 of the Dungeon
  3930 | D:5      | Identified the +3 chain mail "Hujaol" {rElec rC++ rN+
                  | Slay-5}
  4112 | D:5      | Found a snail-covered altar of Cheibriados.
  4307 | D:5      | Reached skill level 5 in Armour
  4326 | D:5      | Noticed an ice beast
  4331 | D:5      | Killed an ice beast
  4332 | D:5      | Reached XP level 7. HP: 54/62 MP: 6/6
  4379 | D:5      | Reached skill level 5 in Dodging
  4400 | D:5      | Found a sand-covered staircase.
  4413 | Ossuary  | Entered an ossuary
  4417 | Ossuary  | Slain by a mummy

Illustrated notes

Levels and vault maps discovered:
D:1:      dpeg_arrival_rhombi, layout_basic, st_stairs_7, kennysheep_minor_cross
D:2:      layout_rooms, uniq_jessica
D:3:      layout_rooms, overflow_temple_1_default, serial_glass,
          glass_columns_b, glass_columns_c, portal_sewer_entry_f,
          hellmonk_ecumenical_altar_watching_god, hex_tiny
D:4:      layout_basic, minmay_temple_entry_slanted, minmay_surrounded,
          uniq_ijyb
D:5:      layout_basic, mainiacjoe_overflow_cross_hatched,
          nicolae_ossuary_entry_catacombs
Ossuary:  ossuary_the_hunt_dpeg

Skill      XL: |  1  2  3  4  5  6  7 |
---------------+----------------------+-----
Fighting       | 4 5 6 |  6.2
Axes           | 4 5 6 |  6.2
Armour         | 3 4 5 |  5.6
Dodging        | 3 4 5 |  5.1

Action                   |  1- 3 |  4- 6 |  7- 9 || total
-------------------------+-------+-------+-------++-------
Melee: Hand axe          |    40 |   232 |    30 ||   302
       Headbutt          |     6 |    30 |    10 ||    46
       Punch             |     1 |     2 |       ||     3
Invok: Berserk           |     1 |     3 |     1 ||     5
  Use: Scroll            |       |     2 |       ||     2
       Potion            |       |     1 |       ||     1
Armor: Animal skin       |     7 |     1 |       ||     8
       Leather armour    |       |    68 |     4 ||    72
Dodge: Dodged            |    15 |   186 |    11 ||   212
